TOP OF THE 1ST |
Lancaster JetHawks batting - Pitching for Inland Empire 66ers : RHP Jeff Shelton
|
Pitching: RHP Jeff Shelton
|
|
Batting: LHB Lou Toth
|
0-0: Called Strike 0-1: Ball 1-1: Ball 2-1: Ground out 6-3 (Groundball, 6M, EV 91.2 MPH)
|
Batting: RHB Andrew Pride
|
0-0: Called Strike 0-1: Ball 1-1: Ball 2-1: Ball 3-1: Base on Balls
|
Batting: RHB Alex Campos
|
0-0: Ball 1-0: Called Strike 1-1: Called Strike 1-2: Foul Ball, location: 2F 1-2: Ball 2-2: Ball 3-2: Base on Balls Andrew Pride to second
|
Batting: RHB Steve Moore
|
0-0: Ball 1-0: Ball Wild Pitch! Andrew Pride to third Alex Campos to second 2-0: Ball 3-0: Base on Balls
|
Batting: LHB Jackson Trottier
|
0-0: Fielders Choice at 3rd, U5 (Groundball, 5L, EV 109.4 MPH) Andrew Pride scores Steve Moore to second
|
Batting: RHB Nate Britton
|
0-0: Ball 1-0: Ball 2-0: Foul Ball, location: 2F 2-1: Ball 3-1: Fly out, F8 (Flyball, 8RXD, EV 96.2 MPH)
|
Top of the 1st over - 1 run, 0 hits, 0 errors, 2 left on base; Lancaster 1 - Inland Empire 0 |
BOTTOM OF THE 1ST |
Inland Empire 66ers batting - Pitching for Lancaster JetHawks : RHP Scott Spillman
|
Pitching: RHP Scott Spillman
|
|
Batting: LHB Jonathon Walton
|
0-0: Foul Ball, location: 2F 0-1: Foul Ball, location: 2F 0-2: Fly out, F8 (Flyball, 8RXD, EV 86.2 MPH)
|
Batting: RHB Jose Ramirez
|
0-0: Ball 1-0: Foul Ball, location: 2F 1-1: Ball 2-1: Swinging Strike 2-2: Strikes out looking
|
Batting: LHB Justin Balthazor
|
0-0: Ball 1-0: Called Strike 1-1: Ball 2-1: Foul Ball, location: 2F 2-2: Foul Ball, location: 2F 2-2: Ground out 3-1 (Groundball, 34, EV 106.2 MPH)
|
Bottom of the 1st over - 0 runs, 0 hits, 0 errors, 0 left on base; Lancaster 1 - Inland Empire 0 |
TOP OF THE 2ND |
Lancaster JetHawks batting - Pitching for Inland Empire 66ers : RHP Jeff Shelton
|
Batting: RHB Jason Monico
|
0-0: Called Strike 0-1: Bunt missed! 0-2: Ground out U3 (Groundball, 34S, EV 81.9 MPH)
|
Batting: RHB Jorge Gutierrez
|
0-0: Ball 1-0: Ball 2-0: Ball 3-0: Called Strike 3-1: Ground out 6-3 (Groundball, 6, EV 86.9 MPH)
|
Batting: RHB To-wai Chen
|
0-0: Called Strike 0-1: Called Strike 0-2: Ball 1-2: Fly out, F7 (Flyball, 7, EV 91.2 MPH)
|
Top of the 2nd over - 0 runs, 0 hits, 0 errors, 0 left on base; Lancaster 1 - Inland Empire 0 |
BOTTOM OF THE 2ND |
Inland Empire 66ers batting - Pitching for Lancaster JetHawks : RHP Scott Spillman
|
Batting: RHB Ryuji Ito
|
0-0: Ball 1-0: Ball 2-0: Called Strike 2-1: Ground out 1-3 (Groundball, 13, EV 71.2 MPH)
|
Batting: LHB Mark Reeg
|
0-0: Ball 1-0: Ball 2-0: Foul Ball, location: 2F 2-1: Called Strike 2-2: Strikes out swinging
|
Batting: RHB Khalil Thurston
|
0-0: Ball 1-0: Called Strike 1-1: Called Strike 1-2: Ball 2-2: SINGLE (Line Drive, 89S, EV 99.4 MPH)
|
Batting: RHB Gary Horgan
|
0-0: Called Strike Khalil Thurston steals 2nd base 0-1: Ball 1-1: DOUBLE (Groundball, 5L, EV 101.2 MPH) Khalil Thurston scores
|
Batting: RHB T.J. Gray
|
0-0: Foul Ball, location: 2F 0-1: Ground out 6-3 (Groundball, 56, EV 84.4 MPH)
|
Bottom of the 2nd over - 1 run, 2 hits, 0 errors, 1 left on base; Lancaster 1 - Inland Empire 1 |
TOP OF THE 3RD |
Lancaster JetHawks batting - Pitching for Inland Empire 66ers : RHP Jeff Shelton
|
Batting: LHB Lou Toth
|
0-0: Ball 1-0: Fly out, F7 (Flyball, 7D, EV 90.6 MPH)
|
Batting: RHB Andrew Pride
|
0-0: Ball 1-0: Ball 2-0: Ball 3-0: Called Strike 3-1: Foul Ball, location: 2F 3-2: Ground out 5-3 (Groundball, 56, EV 84.4 MPH)
|
Batting: RHB Alex Campos
|
0-0: Foul Ball, location: 2F 0-1: Ball 1-1: Foul Ball, location: 2F 1-2: Strikes out swinging
|
Top of the 3rd over - 0 runs, 0 hits, 0 errors, 0 left on base; Lancaster 1 - Inland Empire 1 |
BOTTOM OF THE 3RD |
Inland Empire 66ers batting - Pitching for Lancaster JetHawks : RHP Scott Spillman
|
Batting: RHB Kinya Nishimura
|
0-0: Called Strike 0-1: Ground out 6-3 (Groundball, 6, EV 78.8 MPH)
|
Batting: LHB Jonathon Walton
|
0-0: Ball 1-0: Reached via error on a dropped throw from 2B, E3 (Groundball, 4S, EV 88.8 MPH)
|
Batting: RHB Jose Ramirez
|
0-0: Ball Wild Pitch! Jonathon Walton to second 1-0: Foul Ball, location: 2F 1-1: Ball 2-1: Foul Ball, location: 2F 2-2: DOUBLE (Line Drive, 89D, EV 106.9 MPH) Jonathon Walton scores
|
Batting: LHB Justin Balthazor
|
0-0: Called Strike 0-1: Ball 1-1: Fly out, F5 (Line Drive, 5L, EV 72.5 MPH)
|
Batting: RHB Ryuji Ito
|
0-0: Ball Jose Ramirez is caught stealing 3rd base 2-5
|
Bottom of the 3rd over - 1 run, 1 hit, 1 error, 0 left on base; Lancaster 1 - Inland Empire 2 |
TOP OF THE 4TH |
Lancaster JetHawks batting - Pitching for Inland Empire 66ers : RHP Jeff Shelton
|
Batting: RHB Steve Moore
|
0-0: Ball 1-0: Called Strike 1-1: Ball 2-1: Ground out 1-3 (Groundball, 13S, EV 67.5 MPH)
|
Batting: LHB Jackson Trottier
|
0-0: Hit by Pitch
|
Batting: RHB Nate Britton
|
0-0: Ball 1-0: Called Strike 1-1: Swinging Strike 1-2: SINGLE (Groundball, 56D, EV 98.1 MPH) Jackson Trottier to second
|
Batting: RHB Jason Monico
|
0-0: Foul Ball, location: 2F 0-1: Called Strike 0-2: Strikes out looking
|
Batting: RHB Jorge Gutierrez
|
0-0: Ground out 4-3 (Groundball, 4, EV 109.4 MPH)
|
Top of the 4th over - 0 runs, 1 hit, 0 errors, 2 left on base; Lancaster 1 - Inland Empire 2 |
BOTTOM OF THE 4TH |
Inland Empire 66ers batting - Pitching for Lancaster JetHawks : RHP Scott Spillman
|
Batting: RHB Ryuji Ito
|
0-0: Foul Ball, location: 2F 0-1: Ball 1-1: Ball 2-1: Ground out 6-3 (Groundball, 6, EV 90.6 MPH)
|
Batting: LHB Mark Reeg
|
0-0: SINGLE (Groundball, 4MD, EV 106.2 MPH)
|
Batting: RHB Khalil Thurston
|
0-0: Fielders Choice at 2nd, 3-6 (Groundball, 3S, EV 83.8 MPH)
|
Batting: RHB Gary Horgan
|
0-0: Called Strike 0-1: Ball 1-1: Called Strike 1-2: Strikes out swinging
|
Bottom of the 4th over - 0 runs, 1 hit, 0 errors, 1 left on base; Lancaster 1 - Inland Empire 2 |
TOP OF THE 5TH |
Lancaster JetHawks batting - Pitching for Inland Empire 66ers : RHP Jeff Shelton
|
Batting: RHB To-wai Chen
|
0-0: Ball 1-0: Called Strike 1-1: Ball 2-1: Called Strike 2-2: Fly out, F8 (Flyball, 78D, EV 83.1 MPH)
|
Batting: LHB Lou Toth
|
0-0: Fly out, F9 (Flyball, 9D, EV 89.4 MPH)
|
Batting: RHB Andrew Pride
|
0-0: Ball 1-0: Called Strike 1-1: Ground out 5-3 (Groundball, 5L, EV 80.6 MPH)
|
Top of the 5th over - 0 runs, 0 hits, 0 errors, 0 left on base; Lancaster 1 - Inland Empire 2 |
BOTTOM OF THE 5TH |
Inland Empire 66ers batting - Pitching for Lancaster JetHawks : RHP Scott Spillman
|
Batting: RHB T.J. Gray
|
0-0: DOUBLE (Flyball, 8LXD, EV 106.9 MPH)
|
Batting: RHB Kinya Nishimura
|
0-0: Ball 1-0: Ball 2-0: Called Strike 2-1: Swinging Strike 2-2: Foul Ball, location: 2F 2-2: Foul Ball, location: 2F 2-2: Ball 3-2: Strikes out swinging
|
Batting: LHB Jonathon Walton
|
0-0: Called Strike T.J. Gray steals 3rd base 0-1: Called Strike 0-2: Ball 1-2: Foul Ball, location: 2F 1-2: Ball 2-2: SINGLE (Groundball, 15S, EV 66.2 MPH) (infield hit)
|
Batting: RHB Jose Ramirez
|
0-0: Ball Jonathon Walton steals 2nd base 1-0: Ball 2-0: Foul Ball, location: 2F 2-1: Called Strike 2-2: Foul Ball, location: 2F 2-2: Fly out, F9 (Line Drive, 89M, EV 98.1 MPH) Runner from 3rd tags up, SCORES, throw by RF
|
Batting: LHB Justin Balthazor
|
0-0: Ball 1-0: SINGLE (Groundball, 34D, EV 101.2 MPH) Jonathon Walton to third Runner from 3rd tries for Home, throw by RF and OUT! 9-2
|
Bottom of the 5th over - 1 run, 3 hits, 0 errors, 1 left on base; Lancaster 1 - Inland Empire 3 |
TOP OF THE 6TH |
Lancaster JetHawks batting - Pitching for Inland Empire 66ers : RHP Jeff Shelton
|
Batting: RHB Alex Campos
|
0-0: Ball 1-0: Ball 2-0: Ball 3-0: Called Strike 3-1: Fly out, F8 (Flyball, 8RD, EV 86.2 MPH)
|
Pitching: RHP Chris Adams
|
|
Batting: RHB Steve Moore
|
0-0: Ground out 4-3 (Groundball, 34, EV 83.8 MPH)
|
Batting: LHB Jackson Trottier
|
0-0: Called Strike 0-1: Swinging Strike 0-2: Ball 1-2: Foul Ball, location: 2F 1-2: Foul Ball, location: 2F 1-2: Strikes out looking
|
Top of the 6th over - 0 runs, 0 hits, 0 errors, 0 left on base; Lancaster 1 - Inland Empire 3 |
BOTTOM OF THE 6TH |
Inland Empire 66ers batting - Pitching for Lancaster JetHawks : RHP Scott Spillman
|
Batting: RHB Ryuji Ito
|
0-0: Ball 1-0: Swinging Strike 1-1: Called Strike 1-2: Ground out 6-3 (Groundball, 6, EV 84.4 MPH)
|
Pitching: RHP Calisto Morda
|
|
Batting: LHB Mark Reeg
|
0-0: Called Strike 0-1: Swinging Strike 0-2: Fly out, F6 (Line Drive, 6, EV 63.1 MPH)
|
Batting: RHB Khalil Thurston
|
0-0: Fly out, F8 (Flyball, 8RD, EV 108.8 MPH)
|
Bottom of the 6th over - 0 runs, 0 hits, 0 errors, 0 left on base; Lancaster 1 - Inland Empire 3 |
TOP OF THE 7TH |
Lancaster JetHawks batting - Pitching for Inland Empire 66ers : RHP Chris Adams
|
Batting: RHB Nate Britton
|
0-0: Ball 1-0: Ball 2-0: Ground out 4-3 (Groundball, 4MD, EV 100.6 MPH)
|
Batting: RHB Jason Monico
|
0-0: Called Strike 0-1: Ball 1-1: Foul Ball, location: 2F 1-2: Ball 2-2: Strikes out swinging
|
Batting: RHB Jorge Gutierrez
|
0-0: Ball 1-0: Called Strike 1-1: Foul Ball, location: 2F 1-2: Strikes out looking
|
Top of the 7th over - 0 runs, 0 hits, 0 errors, 0 left on base; Lancaster 1 - Inland Empire 3 |
BOTTOM OF THE 7TH |
Inland Empire 66ers batting - Pitching for Lancaster JetHawks : RHP Calisto Morda
|
Batting: RHB Gary Horgan
|
0-0: Called Strike 0-1: Ball 1-1: Called Strike 1-2: Ball 2-2: Ball 3-2: Base on Balls
|
Batting: RHB T.J. Gray
|
0-0: Ball Gary Horgan steals 2nd base 1-0: Ball 2-0: Fly out, F9 (Line Drive, 9S, EV 91.2 MPH)
|
Batting: RHB Kinya Nishimura
|
0-0: Hit by Pitch
|
Batting: LHB Jonathon Walton
|
0-0: Ball 1-0: Called Strike 1-1: Ball 2-1: Ball Passed Ball! Gary Horgan to third Kinya Nishimura to second 3-1: Foul Ball, location: 2F 3-2: Foul Ball, location: 2F 3-2: Strikes out swinging
|
Batting: RHB Jose Ramirez
|
0-0: Called Strike 0-1: Swinging Strike 0-2: Ground out 3-1 (Groundball, 34, EV 80.6 MPH)
|
Bottom of the 7th over - 0 runs, 0 hits, 0 errors, 2 left on base; Lancaster 1 - Inland Empire 3 |
TOP OF THE 8TH |
Lancaster JetHawks batting - Pitching for Inland Empire 66ers : RHP Chris Adams
|
Now at 1B: Ryuji Ito
|
|
Now at 3B: Gary Horgan
|
|
Now at SS: Peter Westover
|
|
Pinch Hitting: RHB Nick Deegan
|
0-0: Ball 1-0: Ball 2-0: Ball 3-0: Called Strike 3-1: Fly out, F8 (Flyball, 8RD, EV 94.4 MPH)
|
Batting: LHB Lou Toth
|
0-0: Foul Ball, location: 2F 0-1: Foul Ball, location: 2F 0-2: Ball 1-2: Ball 2-2: Foul Ball, location: 2F 2-2: Ball 3-2: Strikes out swinging
|
Batting: RHB Andrew Pride
|
0-0: Called Strike 0-1: Swinging Strike 0-2: Foul Ball, location: 2F 0-2: Foul Ball, location: 2F 0-2: Strikes out looking
|
Top of the 8th over - 0 runs, 0 hits, 0 errors, 0 left on base; Lancaster 1 - Inland Empire 3 |
BOTTOM OF THE 8TH |
Inland Empire 66ers batting - Pitching for Lancaster JetHawks : RHP Calisto Morda
|
Now at 2B: Nick Deegan
|
|
Now at SS: Steve Moore
|
|
Batting: RHB Peter Westover
|
0-0: Swinging Strike 0-1: Called Strike 0-2: Strikes out looking
|
Batting: RHB Ryuji Ito
|
0-0: Ball 1-0: Swinging Strike 1-1: Foul Ball, location: 2F 1-2: Strikes out looking
|
Pitching: LHP Miguel Yepez
|
|
Batting: LHB Mark Reeg
|
0-0: Called Strike 0-1: Ball 1-1: Foul Ball, location: 2F 1-2: Ground out 3-1 (Groundball, 34S, EV 80.6 MPH)
|
Bottom of the 8th over - 0 runs, 0 hits, 0 errors, 0 left on base; Lancaster 1 - Inland Empire 3 |
TOP OF THE 9TH |
Lancaster JetHawks batting - Pitching for Inland Empire 66ers : RHP Chris Adams
|
Pitching: LHP Bryan Payne
|
|
Batting: RHB Alex Campos
|
0-0: Ball 1-0: Ball 2-0: Called Strike 2-1: Called Strike 2-2: Strikes out looking
|
Batting: RHB Steve Moore
|
0-0: Ball 1-0: Foul Ball, location: 2F 1-1: Foul Ball, location: 2F 1-2: Ball 2-2: Foul Ball, location: 2F 2-2: Ball 3-2: Fly out, F7 (Flyball, 78M, EV 81.9 MPH)
|
Batting: LHB Jackson Trottier
|
0-0: Ball 1-0: Ball 2-0: Foul Ball, location: 2F 2-1: Fly out, F7 (Flyball, 7, EV 93.8 MPH)
|
Top of the 9th over - 0 runs, 0 hits, 0 errors, 0 left on base; Lancaster 1 - Inland Empire 3 |
|